 Dungeon Crawl Stone Soup version 0.24-a0-769-g368c1644f8 (webtiles) character file.

Game seed: 11855873315530095869, levelgen mode: deterministic

136 Arixos the Skirmisher (level 4, -4/37 HPs)
             Began as a Mummy Fighter on Oct 4, 2019.
             Was a Follower of Qazlal.
             Slain by Thufir's ghost (10 damage)
             ... on level 3 of the Dungeon.
             The game lasted 00:11:29 (1997 turns).

Arixos the Skirmisher (Mummy Fighter)               Turns: 1997, Time: 00:11:29

Health: -4/37      AC:  7    Str: 22    XL:     4   Next: 98%
Magic:  4/4        EV:  8    Int:  7    God:    Qazlal [*.....]
Gold:   120        SH: 11    Dex: 11    Spells: 3/3 levels left

rFire    x . .     SeeInvis +   m - +2 whip (venom)
rCold    + . .     Gourm    .   c - +0 shield
rNeg     + + +     Faith    .   b - +0 scale mail
rPois    ∞         Spirit   .   (no helmet)
rElec    .         Reflect  .   (no cloak)
rCorr    .         Harm     .   g - +0 pair of gloves
MR       .....                  (no boots)
Stlth    ..........             (no amulet)
HPRegen  0.12/turn              h - +2 ring of strength
MPRegen  0.09/turn              k - ring of see invisible

@: no status effects
A: no food or potions, fire vulnerability, cold resistance 1, negative energy
resistance 3, torment resistance, unbreathing
a: Renounce Religion


You were on level 3 of the Dungeon.
You worshipped Qazlal.
Qazlal was aware of your devotion.
You were not hungry.

You visited 1 branch of the dungeon, and saw 3 of its levels.

You collected 120 gold pieces.

Inventory:

Hand Weapons
 m - a +2 whip of venom (weapon)
Armour
 b - a +0 scale mail (worn)
 c - a +0 shield (worn)
 g - a +0 pair of gloves (worn)
Jewellery
 h - a +2 ring of strength (left hand)
 k - a ring of see invisible (right hand)
Scrolls
 a - a scroll of magic mapping {unknown}
 d - 3 scrolls of identify {unknown}
 e - a scroll of random uselessness {unknown}
 i - 3 scrolls of remove curse {unknown}
 j - a scroll of amnesia {unknown}
 l - 2 scrolls of teleportation {unknown}


   Skills:
 + Level 3.7 Fighting
 + Level 2.3 Maces & Flails
 + Level 3.0 Armour
 + Level 1.5 Dodging
 + Level 3.0 Shields


You had 3 spell levels left.
You didn't know any spells.
Your spell library was empty.

Dungeon Overview and Level Annotations

Branches:
Dungeon (3/15)

Altars:
Qazlal
Beogh

Annotations:
D:3 Thufir's ghost, amateur MiFi


Innate Abilities, Weirdness & Mutations

You do not eat or drink.
Your flesh is vulnerable to fire.
You are immune to poison.
Your flesh is cold resistant. (rC+)
You are immune to negative energy. (rN+++)
You are immune to unholy pain and torment.
You can survive without breathing.


Message History

You hit Thufir's ghost but do no damage.
Thufir's ghost ripples.
You block Thufir's ghost's attack. Thufir's ghost hits you.
You hit Thufir's ghost but do no damage.
Thufir's ghost hits you!
Your shield and scale mail prevent you from hitting Thufir's ghost.
You block Thufir's ghost's attack. Thufir's ghost stares at you.
Your shield and scale mail prevent you from hitting Thufir's ghost.
You completely miss Thufir's ghost. Thufir's ghost closely misses you.
Thufir's ghost hits you but does no damage.
You hit Thufir's ghost but do no damage.
You block Thufir's ghost's attack.
You hit Thufir's ghost.
Thufir's ghost is lightly damaged.
Thufir's ghost hits you!
* * * LOW HITPOINT WARNING * * *
Thufir's ghost whispers, "Trust me.
Just give in."
Thufir's ghost hits you!
You die...

######################
#..............)......
####.###############8....
#.....)....# #######
#.##o#####.# #.#.o.. #.##.# #.#
######.#.... #.##.#####.#
#....†.#.### #.##.o.W.#.#
#.######.#8# #.######@#.# #.#
###.... #.# #.#.# #.# ##.#8.
#########.# #.#.###.# #.## ###
.<........# #.#.....# #..###.#
#.########## #.#########.#.#.##
##.........#####........##.##.##
#.########........#####.##.##.#
.################.# #.#...#.#
.....<.........##.# #.......#


You could see Thufir's ghost and an orc.

Vanquished Creatures
  A worker ant zombie (D:3)
  5 adders
  2 oozes
  A worm (D:2)
  A dart slug (D:3)
  A leopard gecko (D:1)
  4 orcs (D:3)
  A ball python (D:1)
  6 bats
  4 giant cockroaches
  5 goblins
  7 hobgoblins
  6 jackals
  2 frilled lizards
  4 kobolds
  11 rats
61 creatures vanquished.

Notes
Turn   | Place    | Note
-------+----------+-------------------------------------------
     0 | D:1      | Arixos the Mummy Fighter began the quest for the Orb.
     0 | D:1      | Reached XP level 1. HP: 18/18 MP: 1/1
   164 | D:1      | Reached XP level 2. HP: 24/24 MP: 2/2
   796 | D:2      | Reached XP level 3. HP: 28/29 MP: 3/3
  1030 | D:2      | Reached skill level 1 in Dodging
  1409 | D:2      | Reached XP level 4. HP: 30/35 MP: 4/4
  1535 | D:3      | Found a faded altar of an unknown god.
  1566 | D:3      | Became a worshipper of Qazlal Stormbringer
  1566 | D:3      | Reached * piety under Qazlal
  1930 | D:3      | Found a runed translucent gate.
  1930 | D:3      | Noticed Thufir's ghost (amateur MiFi)
  1931 | D:3      | Found a runed translucent gate.
  1932 | D:3      | Found a runed translucent gate.
  1938 | D:3      | Found a roughly hewn altar of Beogh.
  1997 | D:3      | Slain by Thufir's ghost

Levels and vault maps discovered:
D:1:      dpeg_arrival_shelter, layout_basic
D:2:      layout_loops_cross, chequers_avenue, minivault_24,
          hangedman_decor_points, minivault_24, kennysheep_potato
D:3:      layout_loops_ring, biasface_ghost_orc_armoury,
          chequers_ecumenical_altar_simple, wad_floor_pattern_untrapped

Skill      XL: |  1  2  3  4 |
---------------+-------------+-----
Maces & Flails | 2 |  2.3
Dodging        | 1 |  1.5
Armour         | 3 |  3.0
Shields        | 3 |  3.0
Fighting       | |  3.7

Action                   |  1- 3 |  4- 6 || total
-------------------------+-------+-------++-------
Melee: Flail             |    21 |       ||    21
       Whip              |   171 |    89 ||   260
Armor: Scale mail        |    68 |    22 ||    90
Dodge: Dodged            |    44 |    23 ||    67
Block: Shield            |    76 |    55 ||   131

Table legend:
 A = Non-vault XP
 B = Vault XP
 C = Vault XP percentage of total XP
 D = Non-vault monster count
 E = Vault monster count
 F = Vault count percentage of total count
                 A         B        C        D         E       F
            +---------+---------+-------+---------+---------+-------
      Total |     180 |      15 |   7.7 |      55 |       6 |   9.8
            +---------+---------+-------+---------+---------+-------
        D:1 |      35 |       0 |   0.0 |      20 |       0 |   0.0
        D:2 |      63 |       3 |   4.5 |      19 |       2 |   9.5
        D:3 |      82 |      12 |  12.8 |      16 |       4 |  20.0
            +---------+---------+-------+---------+---------+-------
